AoeStats
← FrankSinatrap

Four Lakes

510195680Analyzed
1v1 RM · 2d ago on Sep 29, 2026· 34m 21s· 2 players
Game mode
Random Map
Map size
Tiny (2 player)
Population
200
Speed
Normal
Resources
Standard
Victory
Conquest
Starting age
Dark Age
Ending age
Imperial Age
RankedLock teamsTeams togetherTeam positionsShared explorationLock speedFull tech treeHidden civsTurbo modeCheats
Victory
Defeat
🇨🇭 Japanese · Switzerland
1379
+15
🇲🇽 Mapuche · Mexico
1352
-15
FrankSinatrap
6:42 Loom
10:24 Feudal Age
11:31 Fishing Lines
14:46 Double-Bit Axe
19:17 Castle Age
18:17 Fletching
18:28 Padded Archer Armor
18:32 Gold Mining
19:35 Wheelbarrow
20:01 Bodkin Arrow
20:22 Leather Archer Armor
20:41 Bow Saw
20:53 Medium Warships
Sun Tzu 1337
4:14 Loom
14:28 Feudal Age
15:22 Double-Bit Axe
16:28 Wheelbarrow
16:23 Fishing Lines
19:45 Castle Age
21:11 Bow Saw
21:28 Medium Warships
24:17 Fletching
24:28 Padded Archer Armor
25:00 Bodkin Arrow
26:49 Leather Archer Armor
27:14 Gillnets
29:47 Ballistics
30:32 Scale Barding Armor
31:18 Bloodlines
31:09 Husbandry
32:15 Chain Barding Armor
32:06 Forging
33:11 Scale Mail Armor
Connection lost

Rejoining the realm…

Still unreachable

The connection could not be restored.

Session expired

The server has moved on; the page needs a fresh start.